 Dungeon Crawl Stone Soup version 0.29.1-13-g9f3cf754e1 (webtiles) character file.

Game seed: 16441812311206188838

35 hawla the Chiller (level 3, -2/26 HPs)
             Began as a Meteoran Ice Elementalist on Jan 26, 2023.
             Slain by an iguana (5 damage)
             ... on level 4 of the Dungeon.
             The game lasted 00:02:03 (325 turns).

hawla the Chiller (Meteoran Ice Elementalist)        Turns: 325, Time: 00:02:04

Health: -2/26      AC:  4    Str: 10    XL:     3   Next: 76%
Magic:  2/8        EV: 12    Int: 18    God:
Gold:   54         SH:  0    Dex: 14    Spells: 4/8 levels left

rFire   . . .      SeeInvis .   (no weapon)
rCold   . . .      Faith    .   (no shield)
rNeg    . . .      Spirit   .   a - +0 robe
rPois   .          Reflect  .   (no helmet)
rElec   .          Harm     .   (no cloak)
rCorr   .          Rampage  .   c - +0 pair of gloves
Will    .....                   e - +0 pair of boots
Stlth   +.........              (no amulet)
HPRegen 0.08/turn               (no ring)
MPRegen 0.11/turn               (no ring)

@: freezing walls, glowing
A: sense surroundings 1, otherworldly, glowing, explore regen
a: no special abilities


You were on level 4 of the Dungeon.
You visited 1 branch of the dungeon, and saw 4 of its levels.

You collected 54 gold pieces.

Inventory:

Armour
 a - a +0 robe (worn)
 c - a +0 pair of gloves (worn)
 e - a +0 pair of boots (worn)
Potions
 b - a potion of magic
 d - 3 potions of curing


   Skills:
 + Level 0.3 Fighting
 + Level 2.6 Dodging
 - Level 1.4 Stealth
 + Level 3.2 Spellcasting
 + Level 5.2 Ice Magic


You had 4 spell levels left.
You knew the following spells:

 Your Spells              Type           Power      Damage    Failure   Level
a - Freeze                Ice            84%        1d10      1%          1
b - Frozen Ramparts       Ice            42%        1d7       5%          3

Your spell library contained the following spells:

 Spells                   Type           Power      Damage    Failure   Level
 Ozocubu's Armour         Ice            21%        N/A       5%          3
 Hailstorm                Conj/Ice       12%        3d5       47%         4


Dungeon Overview and Level Annotations

Branches:
Dungeon (4/15) Zot: 2074
 Temple: D:4-7

Altars:


Innate Abilities, Weirdness & Mutations

You passively map a small area around you.
You are easily found by Zot.
You glow in the dark.
You regain HP and MP as you explore.


Message History

Found 30 gold pieces.
Found a scroll labelled XOFUAX FINIAXTUE.
The iguana bites you!
Casting: Freeze (safe; 1% risk of failure)
Confirm with . or Enter, or press ? or * to list all spells.
Aiming: Freeze (safe; 1% risk of failure)
Press: ? - help, Shift-Dir - straight line, f - iguana
Aim: an iguana You freeze the iguana.
The iguana is moderately wounded.
The iguana bites you!
* * * LOW HITPOINT WARNING * * *
Casting: Freeze (safe; 1% risk of failure)
Confirm with . or Enter, or press ? or * to list all spells.
The spell is quite dangerous to miscast (5% risk of failure)!
Continue anyway?
Casting: Frozen Ramparts (quite dangerous; 5% risk of failure)
Press: ? - help, Dir - look around, f - activate The walls around you are covered in ice.
The wall freezes the iguana.
The iguana seems to slow down.
The iguana hisses menacingly.
The iguana barely misses you.
Casting: Frozen Ramparts (quite dangerous; 5% risk of failure)
Confirm with . or Enter, or press ? or * to list all spells.
Aiming: Freeze (safe; 1% risk of failure)
Press: ? - help, Shift-Dir - straight line, f - iguana
Aim: an iguana (heavily wounded, slow)
You freeze the iguana.
The iguana is heavily wounded.
The iguana seems to slow down.
Unknown command.
Casting: Freeze (safe; 1% risk of failure)
Confirm with . or Enter, or press ? or * to list all spells.
Aiming: Freeze (safe; 1% risk of failure)
Press: ? - help, Shift-Dir - straight line, f/p - iguana
Aim: an iguana (heavily wounded, slow)
You freeze the iguana.
The iguana is severely wounded.
The wall freezes the iguana but does no damage.
The iguana bites you.
You die...

#........
#......[. , ,
##........ ,
#......... ,,
#...###... * ,
#....# . ##....##
##$.. ,
#......##...$..
*#......@l......
* ,
#..............?,
,
#.#.#.#.#.#.#.#.
#............# ,
#.#)#.#...#.#.#,
,
#..)...!...#....
#.#.#.....#.#.#.
, #..............
, , *


You could see an iguana (slow).

Vanquished Creatures
  2 adders
  2 ball pythons
  3 goblins
  2 hobgoblins
  A kobold (D:3)
  3 quokkas
  3 rats
16 creatures vanquished.

Notes
Turn   | Place    | Note
-------+----------+-------------------------------------------
     0 | D:1      | hawla the Meteoran Ice Elementalist began the quest for the
                  | Orb.
     0 | D:1      | Reached XP level 1. HP: 14/14 MP: 5/5
    67 | D:2      | Reached XP level 2. HP: 12/20 MP: 1/6
   154 | D:2      | Reached skill level 5 in Ice Magic
   191 | D:2      | Reached XP level 3. HP: 20/26 MP: 5/8
   199 | D:2      | Learned a level 3 spell: Frozen Ramparts
   325 | D:4      | Slain by an iguana

Illustrated notes

Levels and vault maps discovered:
D:1:      eino_arrival_cavern_a, layout_rooms,
          dilly_ecumenical_altar_fadedgnrine, minmay_misc_feat_more_columns,
          minmay_tall_x
D:2:      layout_basic, serial_shops, nicolae_square_shop, uniq_natasha,
          uniq_terence
D:3:      layout_basic, saegor_snake_ambush
D:4:      layout_basic, gammafunk_ghost_arena, hangedman_decor_riveting

Skill      XL: |  1  2  3 |
---------------+----------+-----
Ice Magic      | 5 |  5.2
Spellcasting   | 3 |  3.2
Fighting       | |  0.3
Dodging        | |  2.6
Stealth        | |  1.4

Action                   || total
-------------------------++-------
Melee: Unarmed           ||     2
 Cast: Freeze            ||    20
       Frozen Ramparts   ||     3
  Use: Scroll            ||     3
Armor: Robe              ||     3
Dodge: Dodged            ||     6
